 Dungeon Sprint DCSS version 0.30-a0-782-ge64f9170bb (webtiles) character file.

Game seed: 16700183675883703716

3821 nuthulu the Brawler (level 9, -16/169 HPs)
             Began as a Troll Monk on Feb 23, 2023.
             Was a High Priest of Trog.
             Demolished by Donald
             ... wielding a +1 war axe of holy wrath
              (41 damage)
             ... in the Dungeon (Sprint III: "The Ten Rune Challenge").
             The game lasted 00:04:31 (967 turns).

nuthulu the Brawler (Troll Monk)                     Turns: 967, Time: 00:04:31

Health: -16/169    AC:  4    Str: 25    XL:     9   Next: 97%
Magic:  8/8        EV: 10    Int:  6    God:    Trog [*****.]
Gold:   867        SH:  0    Dex: 10    Spells: 8/8 levels left

rFire   . . .      SeeInvis .      - Unarmed
rCold   . . .      Faith    .    (no shield)
rNeg    . . .      Spirit   .    a - +0 robe
rPois   .          Reflect  .    (helmet restricted)
rElec   .          Harm     .    (no cloak)
rCorr   .          Rampage  .    (gloves unavailable)
Will    ++...      NoTele   +    (boots unavailable) Stlth
                                 (no amulet)
HPRegen 2.28/turn                (no ring)
MPRegen 0.11/turn                (no ring)

@: berserking (expiring), strong-willed, regenerating, slowed
A: large, unfitting armour, claws 3, regeneration 1, shaggy fur 1, tough skin 1,
clumsy 1
a: Renounce Religion, Berserk, Trog's Hand, Brothers in Arms


You were in the Dungeon.
You worshipped Trog.
Trog was extremely pleased with you.
You visited 1 branch You collected 867 gold pieces.

Inventory:

Armour
 a - a +0 robe (worn)
Wands
 g - a wand of roots (15)
Scrolls
 h - a scroll of blinking
 i - 2 scrolls of poison {unknown}
 j - 2 scrolls of amnesia {unknown}
Potions
 b - a potion of ambrosia
 c - 2 potions of curing
 d - a potion of heal wounds
 e - a potion of haste
 f - 3 potions of magic
 k - 2 potions of flight


   Skills:
 + Level 14.1 Fighting
 + Level 0.0 Armour
 + Level 2.4 Dodging
 - Level 1.0 Stealth
 + Level 16.5 Unarmed Combat


You had 8 spell levels left.
You didn't know any spells.
Your spell library was empty.

Dungeon Overview and Level Annotations

Branches:
Dungeon (1/1)

Altars:
Cheibriados
Dithmenos
Elyvilon
Fedhas
Gozag
Hepliaklqana
Kikubaaqudgha
Makhleb
Nemelex Xobeh
Okawaru
Qazlal
Ru
Sif Muna
Trog
Uskayaw
Vehumet
Wu Jian
Xom
Yredelemnul
Zin
The Shining One
Jiyva
Lugonu

Shops:
D (

Annotations:
D Donald, Frances


Innate Abilities, Weirdness & Mutations

You are too large for most types of armour.
You have claws for hands.
Your natural rate of healing is unusually fast.
You are covered in fur. (AC +1)
You have tough skin. (AC +1)
You are clumsy. (Dex -2)


Message History

Donald is heavily wounded.
You feel sick.
You are no longer poisoned.
Donald hits you with a +1 war axe of holy wrath!
Donald blocks your attack.
Donald is heavily wounded.
Donald hits you with a +1 war axe of holy wrath!
You claw Donald!
Donald is heavily wounded.
Your ogre rages.
Donald hits you with a +1 war axe of holy wrath!
* * * LOW HITPOINT WARNING * * *
You claw Donald!
Donald is severely wounded.
Donald closely misses you. Donald blocks your attack.
Your claw misses Donald.
Donald is severely wounded.
Donald gestures wildly while chanting.
Donald seems to grow stronger.
Donald blocks your attack.
Donald is heavily wounded.
Donald barely misses you. Donald blocks your attack.
Donald is heavily wounded.
Donald barely misses you. Donald blocks your attack.
Your claw misses Donald.
Donald is heavily wounded.
Donald hits you with a +1 war axe of holy wrath!!
* * * LOW HITPOINT WARNING * * *
You swap places.
Your ogre rages.
Something hits your ogre!!!
Your ogre dies!
Your ogre's corpse disappears in a puff of smoke!
Donald attacks as you move away! Donald barely misses you.
You feel a strong urge to attack something.
Donald blocks your attack.
Donald is heavily wounded.
Donald hits you with a +1 war axe of holy wrath!!!
You die...

).........#
)##.#..#∩## )#.####.##
)#####################
.)§~§'.#.')..'.#.#.#.+
)#~§§#.#)#)..##.#.#.##
)#§§§#.#.#...#.#.#.#.#
.#§§.#...#...##.#)#.##
▓▓▓▓▓▓▓▓▓▓▓▓▓#.#@#.#.#
##@#.#.## +@#.#.#.#
##.#.#.## #@##### .4.
#...# #...# #####


You could see Frances (fast) and Donald (fast, strong, reflecting).

Vanquished Creatures
  A centaur warrior (D)
  Erica (D)
  A deep elf pyromancer (D)
  An orc sorcerer (D)
  2 unseen horrors (D)
  A shadow (D)
  A spatial vortex (D)
  2 centaurs (D)
  An earth elemental (D)
  A necrophage (D)
  A water elemental (D)
  A jelly (D)
  An orc priest (D)
  A wizard (D)
  A necromancer (D)
  2 orc wizards (D)
  3 humans (D)
  A kobold demonologist (D)
  A wolf (D)
  8 orcs (D)
  2 endoplasms (D)
  3 rats (D)
37 creatures vanquished.

Vanquished Creatures (collateral kills)
  An orc warrior (D)
  2 orc priests (D)
  An orc wizard (D)
  An orc (D)
5 creatures vanquished.

Grand Total: 42 creatures vanquished

Notes
Turn   | Place    | Note
-------+----------+-------------------------------------------
     0 | D        | nuthulu the Troll Monk began the quest for the Orb.
     0 | D        | Reached XP level 1. HP: 22/22 MP: 0/0
    56 | D        | Reached skill level 4 in Unarmed Combat
    56 | D        | Reached XP level 2. HP: 20/32 MP: 1/1
    74 | D        | Reached skill level 5 in Unarmed Combat
    74 | D        | Reached XP level 3. HP: 31/40 MP: 2/2
   104 | D        | Gained mutation: You have a pair of small horns on your
                  | head. [potion of mutation]
   104 | D        | Gained mutation: You have sharp toenails. [potion of
                  | mutation]
   104 | D        | Gained mutation: You have supernaturally acute eyesight.
                  | (SInv) [potion of mutation]
   105 | D        | Lost mutation: You have supernaturally acute eyesight.
                  | (SInv) [potion of mutation]
   105 | D        | Lost mutation: You have a pair of small horns on your head.
                  | [potion of mutation]
   105 | D        | Lost mutation: You have sharp toenails. [potion of
                  | mutation]
   105 | D        | Gained mutation: Your mind is acute. (Int +4, Str/Dex -1)
                  | [potion of mutation]
   106 | D        | Lost mutation: Your mind is acute. (Int +4, Str/Dex -1)
                  | [potion of mutation]
   106 | D        | Gained mutation: Your mind is acute. (Int +4, Str/Dex -1)
                  | [potion of mutation]
   106 | D        | Gained mutation: Your mind is very acute. (Int +8, Str/Dex
                  | -2) [potion of mutation]
   106 | D        | Gained mutation: Armour fits poorly on your strangely
                  | shaped body. [potion of mutation]
   106 | D        | Gained mutation: You passively map a small area around you.
                  | [potion of mutation]
   107 | D        | Lost mutation: Your mind is very acute. (Int +8, Str/Dex
                  | -2) [potion of mutation]
   107 | D        | Lost mutation: Armour fits poorly on your strangely shaped
                  | body. [potion of mutation]
   107 | D        | Gained mutation: You are agile. (Dex +4, Str/Int -1)
                  | [potion of mutation]
   107 | D        | Lost mutation: You passively map a small area around you.
                  | [potion of mutation]
   107 | D        | Gained mutation: You are very agile. (Dex +8, Str/Int -2)
                  | [potion of mutation]
   108 | D        | Lost mutation: You are very agile. (Dex +8, Str/Int -2)
                  | [potion of mutation]
   108 | D        | Lost mutation: You are agile. (Dex +4, Str/Int -1) [potion
                  | of mutation]
   108 | D        | Lost mutation: Your mind is acute. (Int +4, Str/Dex -1)
                  | [potion of mutation]
   108 | D        | Gained mutation: You expend magic power (3 MP) to
                  | strengthen your wands. [potion of mutation]
   109 | D        | Lost mutation: You expend magic power (3 MP) to strengthen
                  | your wands. [potion of mutation]
   109 | D        | Gained mutation: You are clumsy. (Dex -2) [potion of
                  | mutation]
   116 | D        | Noticed a water elemental
   123 | D        | Killed a water elemental
   124 | D        | Reached skill level 5 in Fighting
   124 | D        | Reached skill level 6 in Unarmed Combat
   124 | D        | Reached XP level 4. HP: 23/52 MP: 3/3
   156 | D        | Found a hide-covered altar of Uskayaw.
   156 | D        | Found an iron altar of Okawaru.
   156 | D        | Found a bloodstained altar of Trog.
   156 | D        | Found an ornate altar of the Wu Jian Council.
   156 | D        | Noticed a human
   157 | D        | Noticed a human
   169 | D        | Killed a human
   170 | D        | Reached skill level 9 in Unarmed Combat
   170 | D        | Reached XP level 5. HP: 60/62 MP: 4/4
   173 | D        | Killed a human
   174 | D        | Reached skill level 10 in Unarmed Combat
   174 | D        | Reached XP level 6. HP: 74/74 MP: 5/5
   179 | D        | Became a worshipper of Trog the Wrathful
   179 | D        | Reached * piety under Trog
   179 | D        | Reached ** piety under Trog
   225 | D        | Found a radiant altar of Vehumet.
   226 | D        | Found a shimmering blue altar of Sif Muna.
   226 | D        | Found an ancient bone altar of Kikubaaqudgha.
   258 | D        | Found a glowing silver altar of Zin.
   258 | D        | Found a glowing golden altar of the Shining One.
   258 | D        | Found a white marble altar of Elyvilon.
   258 | D        | Noticed a deep elf pyromancer
   266 | D        | Noticed a fire elemental
   269 | D        | Killed a deep elf pyromancer
   269 | D        | Reached *** piety under Trog
   270 | D        | Reached skill level 10 in Fighting
   270 | D        | Reached skill level 12 in Unarmed Combat
   270 | D        | Reached XP level 7. HP: 43/87 MP: 6/6
   328 | D        | Found a basalt altar of Yredelemnul.
   328 | D        | Found a shadowy altar of Dithmenos.
   328 | D        | Found a sacrificial altar of Ru.
   337 | D        | Reached **** piety under Trog
   360 | D        | Noticed a shadow
   363 | D        | Killed a shadow
   364 | D        | Reached XP level 8. HP: 96/96 MP: 7/7
   366 | D        | Reached skill level 13 in Unarmed Combat
   377 | D        | Found a blossoming altar of Fedhas.
   377 | D        | Found a stormy altar of Qazlal.
   508 | D        | Found a snail-covered altar of Cheibriados.
   508 | D        | Found a burning altar of Makhleb.
   508 | D        | Found a hazy altar of Hepliaklqana.
   508 | D        | Found a shimmering altar of Xom.
   508 | D        | Found an opulent altar of Gozag.
   508 | D        | Found a sparkling altar of Nemelex Xobeh.
   508 | D        | Found a corrupted altar of Lugonu.
   508 | D        | Found a viscous altar of Jiyva.
   524 | D        | Noticed Erica
   532 | D        | Killed Erica
   533 | D        | Reached skill level 14 in Unarmed Combat
   585 | D        | Reached ***** piety under Trog
   601 | D        | Noticed a centaur warrior
   603 | D        | Reached XP level 9. HP: 92/107 MP: 8/8
   613 | D        | Killed a centaur warrior
   614 | D        | Reached skill level 15 in Unarmed Combat
   695 | D        | Killed an unseen horror
   696 | D        | HP: 8/165 [something (9)]
   699 | D        | Killed an unseen horror
   699 | D        | Received a gift from Trog
   700 | D        | Reached skill level 16 in Unarmed Combat
   826 | D        | Noticed an orc sorcerer
   831 | D        | Killed an orc sorcerer
   845 | D        | Reached ****** piety under Trog
   861 | D        | Received a gift from Trog
   880 | D        | Found Ciotuf's Weapon Shoppe.
   948 | D        | Noticed Donald
   948 | D        | Noticed Frances
   949 | D        | Noticed an ice devil
   949 | D        | Noticed a rust devil
   967 | D        | Demolished by Donald

Illustrated notes

Levels and vault maps discovered:
D:        dungeon_sprint_mu [sprint_mu_entry_cave, sprint_mu_temple_rooms,
          sprint_mu_d1_horrors, sprint_mu_d2_genie, sprint_mu_d3_branching,
          sprint_mu_orc_legion, sprint_mu_elf_gauntlet, sprint_mu_hive_nellie,
          sprint_mu_lair_fedhas, sprint_mu_vaults_butterflies,
          sprint_mu_slime_circle, sprint_mu_shoals_archi,
          sprint_mu_snake_twists, sprint_mu_blade_basic,
          sprint_mu_crypt_chambers, sprint_mu_tomb_spiral,
          sprint_mu_vestibule_basic, sprint_mu_gehenna_hellfire,
          sprint_mu_dis_giant, sprint_mu_tartarus_statrot,
          sprint_mu_cocytus_islands, sprint_mu_zot1]

Skill      XL: |  1  2  3  4  5  6  7  8  9 |
---------------+----------------------------+-----
Fighting       | 4 5 7 8 10 12 14 | 14.1
Unarmed Combat | 4 5 6 9 10 12 14 16 | 16.5
Dodging        | |  2.4
Stealth        | |  1.0

Action                     |  1- 3 |  4- 6 |  7- 9 || total
---------------------------+-------+-------+-------++-------
  Melee: Unarmed           |    17 |    23 |    78 ||   118
         Punch             |       |       |     6 ||     6
 Invoke: Berserk           |       |     1 |     4 ||     5
         Brothers in Arms  |       |       |     3 ||     3
         Trog's Hand       |       |       |     2 ||     2
    Use: Potion            |     6 |     1 |       ||     7
   Stab: Sleeping          |     2 |       |     1 ||     3
 Armour: Robe              |     2 |     3 |    20 ||    25
  Dodge: Dodged            |     8 |     6 |    32 ||    46

Table legend: (Time is in decaauts)
 A = Elapsed time spent in this place.
 B = Non-inter-level travel time spent in this place.
 C = Inter-level travel time spent in this place.
 D = Time resting spent in this place.
 E = Time spent auto-exploring this place.
 F = Levels seen in this place.
 G = Mean time per level.
                   A        B        C        D        E       F      G
               +--------+--------+--------+--------+--------+-----+--------+
         Total |    993 |    993 |      0 |    528 |      0 |   1 |  993.0 |
       Dungeon |    993 |    993 |      0 |    528 |      0 |   1 |  993.0 |
               +--------+--------+--------+--------+--------+-----+--------+

Top non-repeatable levels by time:
       D: 993 daAuts
